 Dungeon Crawl Stone Soup version 0.25-a0-782-g655279ceaa (webtiles) character file.

Game seed: 3589500619009220557, levelgen mode: deterministic

12733 Flugslaktarn the Cleaver (level 11, -17/99 HPs)
             Began as a Minotaur Fighter on Apr 16, 2020.
             Was a High Priest of Uskayaw.
             Demolished by an orc warlord
             ... wielding a +0 great mace
              (33 damage)
             ... on level 2 of the Orcish Mines.
             The game lasted 00:05:44 (10746 turns).

Flugslaktarn the Cleaver (Minotaur Fighter)        Turns: 10746, Time: 00:05:44

Health: -17/99     AC: 17    Str: 24    XL:     11   Next: 66%
Magic:  15/15      EV:  6    Int:  5    God:    Uskayaw [*****.]
Gold:   483        SH: 13    Dex: 10    Spells: 10/10 levels left

rFire    . . .     SeeInvis .   a - +1 war axe
rCold    . . .     Gourm    .   c - +1 kite shield
rNeg     . . .     Faith    .   B - +0 plate armour
rPois    .         Spirit   .   (helmet restricted)
rElec    .         Reflect  .   b - +0 cloak
rCorr    +         Harm     .   (no gloves)
MR       .....                  C - +0 pair of boots (curse)
Stlth    ..........             l - amulet of rage
HPRegen  0.26/turn              k - ring of resist corrosion
MPRegen  0.14/turn              (no ring)

@: mighty
A: retaliatory headbutt, horns 2
a: Stomp, Line Pass, Grand Finale, Renounce Religion, Evoke Berserk Rage


You were on level 2 of the Orcish Mines.
You worshipped Uskayaw.
Uskayaw was noncommittal.
You were not hungry.

You visited 3 branches of the dungeon, and saw 14 of its levels.

You collected 783 gold pieces.
You spent 300 gold pieces at shops.

Inventory:

Hand Weapons
 a - a +1 war axe (weapon)
Missiles
 m - a throwing net (quivered)
Armour
 b - a +0 cloak (worn)
   (You took it off Crazy Yiuf on level 6 of the Dungeon)
 c - a +1 kite shield (worn)
 B - a +0 plate armour (worn)
   (You took it off an orc warrior on level 6 of the Dungeon)
 C - a cursed +0 pair of boots (worn)
   (You found it on level 10 of the Dungeon)
Jewellery
 k - a ring of resist corrosion (left hand)
   (You found it on level 3 of the Dungeon)
 l - an amulet of rage (around neck)
   (You found it on level 4 of the Dungeon)
 o - an uncursed amulet of guardian spirit
   (You found it on level 5 of the Dungeon)
Wands
 i - a wand of paralysis (9)
   (You found it on level 5 of the Dungeon)
 v - a wand of digging (6)
   (You found it on level 4 of the Dungeon)
 D - a wand of enslavement (25)
   (You took it off Pikel on level 7 of the Dungeon)
Scrolls
 j - 2 scrolls of vulnerability {unknown}
 r - 4 scrolls of identify
 t - 8 scrolls of teleportation
 x - a scroll of remove curse
 y - 2 scrolls of magic mapping
 F - 2 scrolls of immolation
 G - 2 scrolls of fear
 H - 2 scrolls of enchant armour
 I - a scroll of random uselessness {unknown}
 J - a scroll of enchant weapon
 K - a scroll of noise {unknown}
Potions
 d - 5 potions of might
 f - a potion of stabbing
 g - 5 potions of flight {unknown}
 h - a potion of brilliance
 n - 2 potions of ambrosia
 p - a potion of invisibility {unknown}
 q - 4 potions of curing
 s - a potion of berserk rage {unknown}
 u - 3 potions of magic {unknown}
 A - 2 potions of mutation {unknown}
 E - a potion of lignification {unknown}
 L - a potion of haste {unknown}
 M - a potion of degeneration {unknown}
Comestibles
 e - 17 rations


   Skills:
 + Level 9.9 Fighting
 * Level 13.0 Axes
 + Level 9.9 Armour
 + Level 10.0 Shields
 + Level 7.4 Invocations


You had 10 spell levels left.
You didn't know any spells.
Your spell library was empty.

Dungeon Overview and Level Annotations

Branches:
Dungeon (11/15)            Temple (1/1) D:4             Orc (2/2) D:11
   Lair: D:8-11         Elf: Orc:2

Altars:
Ashenzari
Cheibriados
Dithmenos
Elyvilon
Fedhas
Gozag
Hepliaklqana
Kikubaaqudgha
Makhleb
Nemelex Xobeh
Okawaru
Qazlal
Ru
Sif Muna
Trog
Uskayaw
Vehumet
Wu Jian
Xom
Yredelemnul
Zin
The Shining One

Shops:
D:7 *   D:9 }*?*


Innate Abilities, Weirdness & Mutations

You reflexively headbutt those who attack you in melee.
You have a pair of horns on your head.


Message History

The orc priest hits you but does no damage.
The warg barely misses you. You furiously retaliate!
You headbutt the warg!!
You feel a bit more experienced.
The orc warrior hits you but does no damage.
The orc priest calls down the wrath of Beogh upon you.
Beogh smites you!
* * * LOW HITPOINT WARNING * * *
You are too injured to fight recklessly!
You slash the orc warlord!
You kill the orc! x2
The orc warlord is severely wounded.
You closely miss the warg. You closely miss the orc priest.
The orc warlord is no longer sharing its pain.
The orc priest is no longer sharing its pain.
The orc is no longer sharing its pain.
The warg bites you.
* * * LOW HITPOINT WARNING * * *
The orc priest hits you.
* * * LOW HITPOINT WARNING * * *
The orc warlord hits you with a +0 great mace!!
You die...

.......)).....#.#
......รท........#
.#
......[........#...
...#....o......#...
...............C...
......#.<$.........
###.....ooo#.......
#........ho)......
#.......oo@.......
##................
#.................
##################


You could see an orc warlord, a cyclops, a warg, 2 orc warriors, 3 orc priests
and an orc.

Vanquished Creatures
  A two-headed ogre (Orc:1)
  3 unseen horrors
  Pikel (D:7)
  An ugly thing (D:11)
  A gargoyle (D:11)
  3 trolls
  Prince Ribbit (D:6)
  2 hippogriffs
  A wraith (D:11)
  A wyvern (D:8)
  Grum (D:9)
  4 wargs
  A hungry ghost (D:9)
  A water moccasin (D:9)
  11 orc warriors
  An ice beast (D:7)
  2 phantoms
  A slave (D:7)
  4 centaurs
  2 wolves (D:9)
  13 ogres
  A crocodile (D:9)
  Blork the orc (D:6)
  A big kobold (D:9)
  16 bullfrogs
  4 scorpions
  5 killer bees
  2 crimson imps
  5 centaur skeletons
  15 orc priests
  Crazy Yiuf (D:6)
  2 hounds (D:7)
  A jelly (D:11)
  2 bullfrog skeletons
  27 orc wizards
  4 iguanas
  7 worker ants
  A hound skeleton (D:9)
  4 worker ant zombies
  3 gnolls (D:7)
  9 adders
  3 shadow imps
  2 oozes
  2 adder skeletons
  2 dart slugs (D:3)
  3 leopard geckos
  63 orcs
  2 ball pythons
  3 giant cockroaches
  A hobgoblin (D:2)
  7 jackals
  3 kobolds (D:9)
  3 quokkas
  A bat (D:1)
  3 frilled lizards
  5 goblins
  A leopard gecko zombie (D:8)
  4 rats (D:3)
275 creatures vanquished.

Vanquished Creatures (others)
  A worker ant zombie (D:7)
1 creature vanquished.

Grand Total: 276 creatures vanquished

Notes
Turn   | Place    | Note
-------+----------+-------------------------------------------
     0 | D:1      | Flugslaktarn the Minotaur Fighter began the quest for the
                  | Orb.
     0 | D:1      | Reached XP level 1. HP: 19/19 MP: 0/0
   105 | D:3      | Reached XP level 2. HP: 27/27 MP: 1/1
   118 | D:3      | Reached skill level 3 in Axes
   254 | D:3      | Reached XP level 3. HP: 31/33 MP: 2/2
   364 | D:4      | Found a staircase to the Ecumenical Temple.
   375 | Temple   | Entered the Ecumenical Temple
   473 | Temple   | Became a worshipper of Uskayaw the Reveler
   550 | D:4      | Noticed a scorpion
   554 | D:4      | Reached * piety under Uskayaw
   556 | D:4      | Killed a scorpion
   556 | D:4      | Reached skill level 4 in Axes
   556 | D:4      | Reached XP level 4. HP: 39/40 MP: 3/3
   556 | D:4      | Reached ** piety under Uskayaw
  1016 | D:4      | Noticed an ogre
  1022 | D:4      | Killed an ogre
  1022 | D:4      | Reached skill level 1 in Invocations
  1022 | D:4      | Reached XP level 5. HP: 43/47 MP: 3/5
  1022 | D:4      | Reached *** piety under Uskayaw
  1286 | D:5      | Entered Level 5 of the Dungeon
  1303 | D:5      | Noticed an ogre
  1310 | D:5      | Killed an ogre
  1310 | D:5      | Reached skill level 5 in Axes
  1310 | D:5      | Reached XP level 6. HP: 13/55 MP: 6/6
  1733 | D:5      | Reached skill level 5 in Shields
  1765 | D:5      | Found a shimmering altar of Xom.
  1765 | D:5      | Found a shimmering altar of Xom.
  1771 | D:5      | Found a shimmering altar of Xom.
  1772 | D:5      | Found a shimmering altar of Xom.
  1772 | D:5      | Found a shimmering altar of Xom.
  1772 | D:5      | Found a shimmering altar of Xom.
  1773 | D:5      | Found a shimmering altar of Xom.
  1851 | D:5      | Reached skill level 5 in Fighting
  1851 | D:5      | Reached skill level 5 in Armour
  1964 | D:5      | Reached XP level 7. HP: 53/61 MP: 7/7
  1967 | D:5      | Reached **** piety under Uskayaw
  2130 | D:5      | Reached skill level 6 in Axes
  2334 | D:5      | Found an opulent altar of Gozag.
  2415 | D:6      | Noticed Prince Ribbit
  2439 | D:6      | Killed Prince Ribbit
  2701 | D:6      | Found a snail-covered altar of Cheibriados.
  3172 | D:6      | Reached skill level 7 in Axes
  3172 | D:6      | Reached XP level 8. HP: 70/70 MP: 9/9
  3451 | D:6      | HP: 3/70 [orc warrior/+0 long sword (13)]
  3822 | D:6      | Noticed Blork the orc
  3834 | D:6      | Killed Blork the orc
  4012 | D:6      | Found a runed translucent door.
  4013 | D:6      | Noticed Crazy Yiuf
  4020 | D:6      | Killed Crazy Yiuf
  4020 | D:6      | Reached skill level 8 in Axes
  4405 | D:7      | Found Xetoafaj's Assorted Antiques.
  4409 | D:7      | Bought a fizzy black potion for 21 gold pieces
  4409 | D:7      | Bought a smoky dark potion for 21 gold pieces
  4409 | D:7      | Bought an inky potion for 21 gold pieces
  4409 | D:7      | Bought a potion of curing for 72 gold pieces
  4812 | D:7      | Reached XP level 9. HP: 78/78 MP: 11/11
  4838 | D:7      | Found a shimmering blue altar of Sif Muna.
  5055 | D:7      | Reached skill level 9 in Axes
  5070 | D:7      | Noticed Pikel
  5081 | D:7      | Reached ***** piety under Uskayaw
  5083 | D:7      | Killed Pikel
  5466 | D:7      | Reached skill level 5 in Invocations
  5630 | D:7      | Reached skill level 10 in Axes
  5864 | D:8      | Reached XP level 10. HP: 86/88 MP: 11/13
  6758 | D:9      | Found Fixt's General Store.
  6762 | D:9      | Noticed Grum
  6770 | D:9      | Killed Grum
  6772 | D:9      | Bought a potion of heal wounds for 60 gold pieces
  6820 | D:9      | Reached skill level 11 in Axes
  6856 | D:9      | Found Fimim's General Store.
  6934 | D:9      | Found Isomap's Magic Scroll Boutique.
  6944 | D:9      | Bought a scroll of enchant weapon for 105 gold pieces
  7163 | D:9      | Found Hoisoh's Gadget Emporium.
  7655 | D:10     | Entered Level 10 of the Dungeon
  7935 | D:10     | Found a blossoming altar of Fedhas.
  8406 | D:11     | Killed an unseen horror
  8594 | D:11     | Noticed a gargoyle
  8614 | D:11     | Killed a gargoyle
  8614 | D:11     | Reached skill level 12 in Axes
  8614 | D:11     | Reached XP level 11. HP: 57/97 MP: 14/14
  8900 | D:11     | Noticed a six-headed hydra
  9235 | D:11     | Noticed a white ugly thing
  9246 | D:11     | Killed a white ugly thing
  9313 | D:10     | Killed an unseen horror
  9653 | D:11     | Found a staircase to the Orcish Mines.
  9687 | D:11     | Killed an unseen horror
  9751 | Orc:1    | Entered Level 1 of the Orcish Mines
  9751 | Orc:1    | Noticed a two-headed ogre
  9760 | Orc:1    | Killed a two-headed ogre
  9771 | Orc:1    | Reached ****** piety under Uskayaw
 10330 | Orc:2    | Entered Level 2 of the Orcish Mines
 10346 | Orc:2    | Noticed an orc warlord
 10356 | Orc:2    | Reached skill level 10 in Shields
 10359 | Orc:2    | HP: 1/99 [orc warlord/+0 great mace (19)]
 10742 | Orc:2    | Reached skill level 13 in Axes
 10746 | Orc:2    | Demolished by an orc warlord

Levels and vault maps discovered:
D:1:      dpeg_arrival_solitude, layout_rooms, minmay_small_reverse_x
D:2:      layout_loops_ring
D:3:      layout_rooms, first_ration
D:4:      layout_basic, minmay_temple_entry_mini_moons, serial_curves,
          eino_curves_03, eino_curves_04
D:5:      layout_loops_cross, lemuel_crystal_altar, xom_redecorated
D:6:      layout_loops_ring, cheibriados_altar_1, lightli_minifort,
          uniq_crazy_yiuf_cottage, uniq_blork_the_orc, uniq_prince_ribbit1
D:7:      minmay_s_stair_smasher, layout_loops_corners, led_sif_pool,
          enter_bailey_3, serial_shops, nicolae_shop_crystal, grunt_ogre_cave,
          uniq_pikel
D:8:      layout_cave_pools
D:9:      layout_roguey, serial_shops, kennysheep_mini_moat, shop,
          nicolae_shop_temple_entry_statues_fountains, shop_scrolls, uniq_grum
D:10:     layout_stronghold, fedhas_altar_4
D:11:     layout_small_grid, lair_entry_dummy, orc_0_dummy, serial_park_tiny_2,
          minmay_another_anthill
Temple:   compressed_dpeg_circular_temple
Orc:1:    layout_caves, uniq_fannar, uniq_harold
Orc:2:    st_orc_pillars, layout_caves, serial_shops, nicolae_shop_stone,
          uniq_maurice

Skill      XL: |  1  2  3  4  5  6  7  8  9 10 11 |
---------------+----------------------------------+-----
Axes           | 3 4 5 7 8 10 12 13 | 13.0
Armour         | 4 5 6 7 9 |  9.9
Shields        | 4 5 6 8 9 10 | 10.0
Fighting       | 4 5 6 8 9 |  9.9
Invocations    | 1 2 3 4 5 6 7 |  7.4

Action                   |  1- 3 |  4- 6 |  7- 9 | 10-12 || total
-------------------------+-------+-------+-------+-------++-------
Melee: War axe           |    45 |    67 |   260 |   380 ||   752
       Headbutt          |    13 |    14 |    56 |    83 ||   166
       Unarmed           |       |       |     3 |       ||     3
Invok: Stomp             |       |       |     2 |       ||     2
  Use: Scroll            |       |     4 |     9 |     2 ||    15
       Potion            |       |       |     1 |     3 ||     4
 Stab: Paralysed         |       |     1 |    24 |    64 ||    89
  Eat: Chunk             |       |     3 |    10 |    11 ||    24
       Ration            |       |       |     1 |     2 ||     3
Armor: Scale mail        |    23 |       |       |       ||    23
       Chain mail        |       |    26 |    26 |       ||    52
       Plate armour      |       |       |    95 |   210 ||   305
Dodge: Dodged            |     8 |    14 |    52 |    66 ||   140
Block: Kite shield       |    19 |    38 |   127 |   246 ||   430

Table legend:
 A = Non-vault XP
 B = Vault XP
 C = Vault XP percentage of total XP
 D = Non-vault monster count
 E = Vault monster count
 F = Vault count percentage of total count
                 A         B        C        D         E       F
            +---------+---------+-------+---------+---------+-------
      Total |   15425 |    2766 |  15.2 |     245 |      30 |  10.9
            +---------+---------+-------+---------+---------+-------
        D:1 |       3 |       0 |   0.0 |       2 |       0 |   0.0
        D:2 |       4 |       0 |   0.0 |       2 |       0 |   0.0
        D:3 |      38 |       0 |   0.0 |      12 |       0 |   0.0
        D:4 |     288 |       0 |   0.0 |      11 |       0 |   0.0
        D:5 |     571 |       0 |   0.0 |      14 |       0 |   0.0
        D:6 |     641 |     644 |  50.1 |      26 |       8 |  23.5
        D:7 |    1131 |    1702 |  60.1 |      23 |      19 |  45.2
        D:8 |    1417 |       0 |   0.0 |      20 |       0 |   0.0
        D:9 |    2265 |     420 |  15.6 |      37 |       3 |   7.5
       D:10 |    1783 |       0 |   0.0 |      22 |       0 |   0.0
       D:11 |    3983 |       0 |   0.0 |      34 |       0 |   0.0
      Orc:1 |    2355 |       0 |   0.0 |      29 |       0 |   0.0
      Orc:2 |     946 |       0 |   0.0 |      13 |       0 |   0.0
            +---------+---------+-------+---------+---------+-------
